 Dungeon Crawl Stone Soup version 0.18.1-50-g88ac8fd (webtiles) character file.

51 Gianozzolo the Ruffian (level 3, -2/31 HPs)
             Began as a Naga Transmuter on Nov 13, 2017.
             Slain by Natasha (10 damage)
             ... on level 2 of the Dungeon.
             The game lasted 00:02:25 (1019 turns).

Gianozzolo the Ruffian (Naga Transmuter)            Turns: 1019, Time: 00:02:26

Health: -2/31      AC:  3    Str: 12    XL:     3   Next: 81%
Magic:  5/6        EV: 10    Int: 14    God:
Gold:   120        SH:  0    Dex: 11    Spells: 2 memorised, 2 levels left

rFire  . . .     SeeInvis +       - Unarmed
rCold  . . .     Gourm    .     b - +0 robe
rNeg   . . .     Faith    .     (no shield)
rPois  +         Spirit   .     (no helmet)
rElec  .         Dismiss  .     k - +0 cloak (curse)
rCorr  .         Reflect  .     (no gloves)
SustAt .         Harm     .     (no barding)
MR     .....                    (no amulet)
Stlth  +.........               (no ring)
                                m - ring of wizardry

@: appendage (expiring), very slow, not resistant to hostile enchantments, very
unstealthy
A: horns 2, see invisible, deformed body, poison resistance, slowness 2, slow
metabolism 1, spit poison 2, AC +1
a: Spit Poison, End Transformation


You were on level 2 of the Dungeon.
You were not hungry.
You had grown temporary horns.
You visited 1 branch of the dungeon, and saw 2 of its levels.

You collected 120 gold pieces.

Inventory:

Armour
 b - a +0 robe (worn)
 k - a cursed +0 cloak (worn)
Jewellery
 m - a ring of wizardry (left hand)
Scrolls
 a - 4 scrolls of identify {unknown}
 f - a scroll of noise {unknown}
 g - a scroll of recharging {unknown}
 n - a scroll of enchant armour {unknown}
Potions
 e - a potion of haste {unknown}
 h - a potion of magic {unknown}
 i - a potion of berserk rage {unknown}
Books
 c - a book of Changes

   Spells                             Type                      Level
   a - Beastly Appendage              Transmutation                1
   b - Sticks to Snakes               Transmutation                2
   c - Spider Form                    Transmutation/Poison         3
   d - Ice Form                       Ice/Transmutation            4
   e - Blade Hands                    Transmutation                5
Comestibles
 d - 2 bread rations
 j - 4 fruits
 l - 2 chunks of flesh


   Skills:
 - Level 1.0 Fighting
 - Level 1.5 Dodging
 + Level 3.6 Unarmed Combat
 - Level 2.0 Spellcasting
 * Level 3.3 Transmutations
 + Level 1.0 Poison Magic


You had 2 spell levels left.
You knew the following spells:

 Your Spells              Type           Power        Failure   Level  Hunger
a - Beastly Appendage     Trmt           ##....       4%          1    ##.....
b - Spider Form           Trmt/Pois      #.........   12%         3    ####...


Dungeon Overview and Level Annotations

Branches:
Dungeon (2/15)

Altars:

Annotations:
D:2 Natasha


Innate Abilities, Weirdness & Mutations

You cannot wear boots.
Your serpentine skin is tough (AC +1).
You have supernaturally acute eyesight.
Armour fits poorly on your strangely shaped body.
Your system is resistant to poisons.
You cover ground very slowly.
You have a slow metabolism.
You can spit poison.
You have a pair of horns on your head.


Message History

* * * LOW HITPOINT WARNING * * *
You are too injured to fight recklessly!
Casting: Spider Form
Confirm with . or Enter, or press ? or * to list all spells.
You grow a pair of large bovine horns.
Natasha claws you but does no damage.
You hit Natasha. You headbutt Natasha, but do no damage.
Natasha is almost dead.
Natasha claws you.
* * * LOW HITPOINT WARNING * * *
You hit Natasha.
Natasha is almost dead.
Natasha barely misses you.
You miss Natasha.
Natasha is almost dead.
Natasha looks more healthy.
Natasha barely misses you.
You hit Natasha but do no damage. Your headbutt misses Natasha.
Natasha is almost dead.
Your transformation is almost over.
Natasha claws you!
You die...

#### #.. #.# #.#
#@# #h#
#########.#
..........# ..
##.###.####..#
#.# #..# .. ##.##
#..##
...##...###....
.......#......###
#


You could see Natasha.

Vanquished Creatures
  Natasha (D:2)
  3 dart slugs (D:1)
  A hobgoblin (D:2)
  4 jackals
  3 kobolds
  2 bats (D:1)
  A giant newt (D:1)
  3 goblins
  3 rats
21 creatures vanquished.

Notes
Turn   | Place    | Note
--------------------------------------------------------------
     0 | D:1      | Gianozzolo the Naga Transmuter began the quest for the Orb.
     0 | D:1      | Reached XP level 1. HP: 18/18 MP: 3/3
   225 | D:1      | Reached XP level 2. HP: 25/25 MP: 3/5
   883 | D:2      | Reached XP level 3. HP: 21/31 MP: 4/6
   907 | D:2      | Learned a level 3 spell: Spider Form
   949 | D:2      | Noticed Natasha
   955 | D:2      | Killed Natasha
   955 | D:2      | Reached skill level 1 in Poison Magic
  1000 | D:2      | Noticed Natasha
  1019 | D:2      | Slain by Natasha

Skill      XL: |  1  2  3 |
---------------+----------+-----
Transmutations | 3 |  3.3
Poison Magic   | 1 |  1.0
Fighting       | |  1.0
Dodging        | |  1.5
Unarmed Combat | |  3.6
Spellcasting   | |  2.0

Action                   || total
-------------------------++-------
Melee: Unarmed           ||    69
       Headbutt          ||     5
 Cast: Beastly Appendage ||    11
       Spider Form       ||     1
 Abil: Spit Poison       ||     9
  Eat: Chunk             ||     1
Armor: Robe              ||    12
Dodge: Dodged            ||    46
